 Dungeon Crawl Stone Soup version 0.24-a0-358-g53aee78b01 (webtiles) character file.

Game seed: 12661147294277330284

515 Lanoc the Chiller (level 7, -15/46 HPs)
             Began as a Demonspawn Ice Elementalist on May 25, 2019.
             Blown up by a gnoll (19 damage)
             ... with a disintegration bolt
             ... on level 4 of the Dungeon.
             The game lasted 00:11:29 (4809 turns).

Lanoc the Chiller (Demonspawn Ice Elementalist)     Turns: 4809, Time: 00:11:29

Health: -15/46     AC:  4    Str:  8    XL:     7   Next: 0%
Magic:  12/12      EV: 14    Int: 18    God:
Gold:   142        SH:  0    Dex: 14    Spells: 7/13 levels left

rFire    . . .     SeeInvis .   r - +1 dagger (flame)
rCold    + . .     Gourm    .   (no shield)
rNeg     . . .     Faith    .   a - +0 robe
rPois    .         Spirit   .   (no helmet)
rElec    .         Reflect  .   (no cloak)
rCorr    .         Harm     .   (no gloves)
MR       .....                  (no boots)
Stlth    ++........             (no amulet)
HPRegen  0.15/turn              (no ring)
MPRegen  0.13/turn              (no ring)

@: very slightly contaminated
A: claws 2, yellow scales 1, cold resistance 1, powered by pain 1
a: no special abilities


You were on level 4 of the Dungeon.
You were not hungry.

You visited 1 branch of the dungeon, and saw 4 of its levels.

You collected 142 gold pieces.

Inventory:

Hand Weapons
 r - a +1 dagger of flaming (weapon)
 t - a +4 spear
Armour
 a - a +0 robe (worn)
Scrolls
 e - 2 scrolls of immolation {unknown}
 f - 2 scrolls of fog {unknown}
 g - a scroll of remove curse {unknown}
 j - 2 scrolls of amnesia {unknown}
 k - 2 scrolls of enchant weapon {unknown}
 l - a scroll of teleportation {unknown}
 o - a scroll of enchant armour {unknown}
 p - a scroll of identify {unknown}
Potions
 b - 2 potions of curing {unknown}
 d - a potion of mutation {unknown}
 h - a potion of might {unknown}
 i - 4 potions of agility {unknown}
 m - a potion of heal wounds {unknown}
 n - 2 potions of berserk rage {unknown}
 q - a potion of flight {unknown}
Comestibles
 c - 7 rations
 s - 4 chunks of flesh


   Skills:
 + Level 3.7 Dodging
 - Level 1.7 Stealth
 + Level 3.8 Spellcasting
 - Level 1.0 Conjurations
 * Level 5.4 Ice Magic


You had 7 spell levels left.
You knew the following spells:

 Your Spells              Type           Power        Failure   Level  Hunger
a - Freeze                Ice            ###.         1%          1    None
b - Throw Frost           Conj/Ice       ###...       6%          2    ##.....
c - Ozocubu's Armour      Chrm/Ice       ##......     14%         3    ###....

Your spell library contained the following spells:

 Spells                   Type           Power        Failure   Level  Hunger
 Throw Icicle             Conj/Ice       ###.....     36%         4    ####...
 Summon Ice Beast         Ice/Summ       ##......     43%         4    ####...


Dungeon Overview and Level Annotations

Branches:
Dungeon (4/15)
 Temple: D:4-7

Altars:
Cheibriados
Dithmenos
Nemelex Xobeh
Zin


Innate Abilities, Weirdness & Mutations

You have very sharp fingernails.
You are partially covered in yellow scales. (AC +2)
Your flesh is cold resistant. (rC+)
You sometimes gain a little power by taking damage.


Message History

Aim: a gnoll, wielding a +0 halberd and carrying a wand of disintegration (16) (heavily wounded)
You freeze the gnoll.
The gnoll is severely wounded.
The gnoll closely misses you. The gnoll completely misses you.
Casting: Freeze (safe; 1% risk of failure)
Confirm with . or Enter, or press ? or * to list all spells.
Aiming: Freeze (safe; 1% risk of failure)
Press: ? - help, Shift-Dir - straight line, f/p - gnoll
Aim: a gnoll, wielding a +0 halberd and carrying a wand of disintegration (16) (severely wounded)
You miscast Freeze.
You are very lightly contaminated with residual magic.
Nothing appears to happen.
The gnoll barely misses you.
The gnoll zaps a wand.
You are blasted!
Ouch! That really hurt!
* * * LOW HITPOINT WARNING * * *
You focus on the pain.
You feel your power returning. The gnoll barely misses you.
There is a stone staircase leading down here.
The gnoll zaps a wand.
You are blasted!
You die...

.#......./.....#
..............#
####..... .......#
....... ......####
######...# #....(....
#.<..#...# #.........
#..#.#...#####.........
#..#.#.>.ggg.')........
#..#.#@..#####)........
#..#.#...##..).........
#..#.#...##รท#####......
####.#..........#......
#........#....#.#......
########......#.#......
........#...........g.
.####...#.###.###.
#.....# .#


You could see 3 gnolls.

Vanquished Creatures
  3 big kobolds (D:3)
  2 orc wizards
  Robin (D:2)
  4 gnolls
  5 adders
  2 worms
  5 dart slugs
  4 leopard geckos
  5 orcs
  9 bats
  2 giant cockroaches (D:2)
  21 goblins
  11 hobgoblins
  4 jackals (D:1)
  42 kobolds
  A quokka (D:3)
  2 ball pythons
  3 frilled lizards
  7 rats
133 creatures vanquished.

Notes
Turn   | Place    | Note
-------+----------+-------------------------------------------
     0 | D:1      | Lanoc the Demonspawn Ice Elementalist began the quest for
                  | the Orb.
     0 | D:1      | Reached XP level 1. HP: 13/13 MP: 3/3
   303 | D:1      | Reached skill level 3 in Ice Magic
   303 | D:1      | Gained mutation: You sometimes gain a little power by
                  | taking damage. [demonic ancestry]
   303 | D:1      | Reached XP level 2. HP: 16/19 MP: 1/5
  1219 | D:1      | Gained mutation: You have sharp fingernails. [demonic
                  | ancestry]
  1219 | D:1      | Reached XP level 3. HP: 23/24 MP: 3/6
  1584 | D:2      | Found a shadowy altar of Dithmenos.
  1602 | D:2      | Learned a level 2 spell: Throw Frost
  1606 | D:2      | Learned a level 3 spell: Ozocubu's Armour
  2173 | D:2      | Gained mutation: Your flesh is cold resistant. (rC+)
                  | [demonic ancestry]
  2173 | D:2      | Reached XP level 4. HP: 27/30 MP: 1/7
  2213 | D:2      | Found a sparkling altar of Nemelex Xobeh.
  2222 | D:2      | Noticed Robin
  2483 | D:2      | Killed Robin
  2670 | D:2      | Found a snail-covered altar of Cheibriados.
  2871 | D:2      | Reached skill level 4 in Ice Magic
  3401 | D:3      | Gained mutation: You are partially covered in yellow
                  | scales. (AC +2) [demonic ancestry]
  3401 | D:3      | Reached XP level 5. HP: 30/35 MP: 0/9
  3607 | D:3      | Gained mutation: You have very sharp fingernails. [demonic
                  | ancestry]
  3607 | D:3      | Reached XP level 6. HP: 15/41 MP: 1/11
  3666 | D:3      | Reached skill level 5 in Ice Magic
  4114 | D:3      | Found a glowing silver altar of Zin.
  4740 | D:4      | Reached XP level 7. HP: 32/46 MP: 2/12
  4809 | D:4      | Blown up by a gnoll

Levels and vault maps discovered:
D:1:      co_arrival_square_in_a_square_in_a_square, layout_rooms, fountainhead,
          minmay_tromino_v4_a
D:2:      layout_basic, nicolae_overflow_crystal_walls,
          nemelex_xobeh_ov_fountains_minmay, kennysheep_slug_shrine,
          grunt_ministairs_7, uniq_robin
D:3:      minmay_goblin_kobold_castle, layout_basic, marbit_many_paths,
          first_ration
D:4:      layout_basic, lemuel_doored_altar

Skill      XL: |  1  2  3  4  5  6 |
---------------+-------------------+-----
Dodging        | 2 3 |  3.7
Ice Magic      | 3 4 5 |  5.4
Spellcasting   | 3 |  3.8
Stealth        | |  1.7
Conjurations   | |  1.0

Action                   |  1- 3 |  4- 6 |  7- 9 || total
-------------------------+-------+-------+-------++-------
Melee: Unarmed           |    73 |   105 |       ||   178
       Dagger            |       |     1 |     1 ||     2
 Cast: Freeze            |    59 |   135 |     5 ||   199
 Stab: Sleeping          |     1 |     3 |       ||     4
  Eat: Chunk             |     4 |     9 |       ||    13
Armor: Robe              |    37 |    52 |       ||    89
Dodge: Dodged            |   134 |   168 |     6 ||   308

Table legend:
 A = Non-vault XP
 B = Vault XP
 C = Vault XP percentage of total XP
 D = Non-vault monster count
 E = Vault monster count
 F = Vault count percentage of total count
                 A         B        C        D         E       F
            +---------+---------+-------+---------+---------+-------
      Total |     272 |     465 |  63.1 |      69 |      64 |  48.1
            +---------+---------+-------+---------+---------+-------
        D:1 |      32 |      17 |  34.7 |      16 |       8 |  33.3
        D:2 |      62 |      49 |  44.1 |      28 |      11 |  28.2
        D:3 |      77 |     399 |  83.8 |      17 |      45 |  72.6
        D:4 |     101 |       0 |   0.0 |       8 |       0 |   0.0
            +---------+---------+-------+---------+---------+-------
